 Dungeon Crawl Stone Soup version 0.16.2-12-gd0ad4c3 (webtiles) character file.

147 SlimeFever the Digger (level 5, -1/29 HPs)
             Began as a Gargoyle Earth Elementalist on Oct 1, 2015.
             Slain by SlimeFever's ghost (6 damage)
             ... on level 4 of the Dungeon.
             The game lasted 00:32:53 (3560 turns).

SlimeFever the Digger (Gargoyle Earth Elementalist) Turns: 3560, Time: 00:32:53

Health: -1/29      AC:  7    Str: 11    XL:     5   Next: 29%
Magic:  15/20      EV: 12    Int: 17    God:
Gold:   132        SH:  0    Dex: 10    Spells: 3 memorised, 4 levels left

rFire  . . .     SeeInvis .     r - +1 short sword
rCold  . . .     Clarity  .     c - +1 robe
rNeg   + . .     SustAb   .     (no shield)
rPois  ∞         Gourm    .     (no helmet)
rElec  +         Spirit   .     (no cloak)
rCorr  .         Warding  .     (no gloves)
rMut   .         Stasis   .     (no boots)
MR     .....                    (no amulet)
Stlth  ++........               (no ring)
                                o - ring of magical power

@: not resistant to hostile enchantments, unstealthy
A: negative energy resistance 1, electricity resistance, unbreathing,
petrification resistance, rot immunity, AC +4
a: no special abilities


You were on level 4 of the Dungeon.
You were very hungry.

You visited 1 branch of the dungeon, and saw 4 of its levels.

You collected 132 gold pieces.

Inventory:

Hand weapons
 r - a +1 short sword (weapon)
Missiles
 a - 24 bolts
 b - 139 stones (quivered)
 g - 40 sling bullets
 h - 15 sling bullets of frost
 m - 8 poisoned arrows
 p - 6 poisoned needles
Armour
 c - a +1 robe (worn)
 i - a +0 cloak
Jewellery
 o - a ring of magical power (left hand)
Scrolls
 f - a scroll of amnesia
 j - a scroll of identify
 q - a scroll of enchant weapon
Potions
 k - a potion of haste
 n - a potion of magic
Books
 d - a book of Geomancy

   Spells                             Type                      Level
   a - Sandblast                      Earth                        1
   b - Stoneskin                      Transmutation/Earth          2
   c - Passwall                       Transmutation/Earth          3
   d - Stone Arrow                    Conjuration/Earth            3
   e - Petrify                        Transmutation/Earth          4
   f - Lee's Rapid Deconstruction     Earth                        5
 s - a Necronomicon {highlevel, unknown}

   This book is beyond your current level of understanding.

   Spells                             Type                      Level
   a - Haunt                          Necromancy/Summoning         7
   b - Borgnjor's Revivification      Necromancy                   8
   c - Death's Door                   Charms/Necromancy            8
   d - Necromutation                  Transmutation/Necromancy     8
Comestibles
 l - 2 meat rations


   Skills:
 + Level 1.0 Fighting
 + Level 0.6 Throwing
 + Level 2.3 Dodging
 + Level 2.7 Stealth
 + Level 3.1 Spellcasting
 + Level 1.0 Transmutations
 + Level 4.8 Earth Magic


You had 4 spell levels left.
You knew the following spells:

 Your Spells              Type           Power        Failure   Level  Hunger
a - Sandblast             Erth           ###...       2%          1    None
b - Stoneskin             Trmt/Erth      ##......     10%         2    ##.....
c - Passwall              Trmt/Erth      ##........   17%         3    ###....


Dungeon Overview and Level Annotations

Branches:
Dungeon (4/15)
 Temple: D:4-7

Altars:
Ashenzari
Trog

Annotations:
D:3 deKoprolKing's ghost, average HOFi
D:4 SlimeFever's ghost, average DDFi


Innate Abilities, Weirdness & Mutations

You are resistant to torment.
You are immune to poison.
Your stone body is very resilient (AC +4).
You resist negative energy.
You are resistant to electric shocks.
You can survive without breathing.
You are immune to petrification.
You are immune to rotting.


Message History

Press: ? - help, Shift-Dir - straight line, f/p - SlimeFever's ghost
Aim: SlimeFever's ghost The blast of sand hits the iguana.
You kill the iguana!
Casting: Sandblast
Confirm with . or Enter, or press ? or * to list all spells.
Aiming: Sandblast
Press: ? - help, Shift-Dir - straight line, f/p - SlimeFever's ghost
Aim: SlimeFever's ghost The blast of sand hits SlimeFever's ghost.
SlimeFever's ghost hits you but does no damage.
Casting: Sandblast
Confirm with . or Enter, or press ? or * to list all spells.
Aiming: Sandblast
Press: ? - help, Shift-Dir - straight line, f/p - SlimeFever's ghost
Aim: SlimeFever's ghost The blast of sand hits SlimeFever's ghost.
SlimeFever's ghost is lightly damaged.
SlimeFever's ghost hits you.
You die...

#.##............<.
#.######.#.....##
#.# #.##...## #.#
#.####.# #.# #.#
##.# #.# #.# #..
#l# #.# #.# #[#
#.# #.# ##.# #.#
#@#
##..######.###W#
#..............#
#..######.######
#.>.. #.# #.##.
#.# #. #. #.# # #.
#.. #. ###


You could see SlimeFever's ghost.

Vanquished Creatures
  An iguana (D:4)
  2 adders
  3 worms
  An adder skeleton (D:4)
  An ooze (D:1)
  7 goblins
  11 hobgoblins
  11 jackals
  9 kobolds
  A quokka (D:2)
  2 ball pythons
  7 bats
  6 giant cockroaches
  4 giant geckos
  5 giant newts
  9 rats
80 creatures vanquished.

Vanquished Creatures (others)
  2 bats (D:4)
  2 rats (D:4)
4 creatures vanquished.

Grand Total: 84 creatures vanquished

Notes
Turn   | Place    | Note
--------------------------------------------------------------
     0 | D:1      | SlimeFever, the Gargoyle Earth Elementalist, began the quest for the Orb.
     0 | D:1      | Reached XP level 1. HP: 10/10 MP: 3/3
   226 | D:1      | Reached XP level 2. HP: 7/15 MP: 2/4
   316 | D:1      | Learned a level 2 spell: Stoneskin
   601 | D:1      | Reached skill level 4 in Earth Magic
   978 | D:1      | Reached skill level 1 in Transmutations
   978 | D:1      | Reached XP level 3. HP: 16/20 MP: 4/6
  1263 | D:2      | Found a shattered altar of Ashenzari.
  1357 | D:2      | Reached skill level 1 in Fighting
  1667 | D:2      | Reached XP level 4. HP: 15/25 MP: 8/8
  1678 | D:2      | Learned a level 3 spell: Passwall
  2551 | D:3      | Found a bloodstained altar of Trog.
  2723 | D:3      | Noticed deKoprolKing's ghost (average HOFi)
  3109 | D:3      | Reached XP level 5. HP: 23/29 MP: 10/10
  3490 | D:4      | Noticed SlimeFever's ghost (average DDFi)
  3560 | D:4      | Slain by SlimeFever's ghost

Action                   |  1- 3 |  4- 6 || total
-------------------------+-------+-------++-------
Melee: Unarmed           |   234 |    84 ||   318
       Short sword       |       |    52 ||    52
Throw: Stone             |    26 |    74 ||   100
 Cast: Sandblast         |    39 |    76 ||   115
       Stoneskin         |     1 |     3 ||     4
       Passwall          |       |     2 ||     2
  Use: Scroll            |     9 |     4 ||    13
       Potion            |       |     5 ||     5
 Stab: Sleeping          |     3 |     2 ||     5
  Eat: Bread ration      |     1 |       ||     1
       Meat ration       |       |     1 ||     1
